 Dungeon Crawl Stone Soup version 0.27-a0-1065-ge809cff456 (webtiles) character file.

Game seed: 6056594655332641026

2391 Lemonice the Skirmisher (level 9, -2/77 HPs)
             Began as a Palentonga Fighter on Apr 22, 2021.
             Was a Follower of the Shining One.
             Slain by a gnoll
             ... wielding a +0 club
              (3 damage)
             ... on level 7 of the Dungeon.
             The game lasted 00:11:57 (6565 turns).

Lemonice the Skirmisher (Palentonga Fighter)        Turns: 6565, Time: 00:11:58

Health: -2/77      AC: 19    Str: 18 (19) XL:     9   Next: 22%
Magic:  9/9        EV:  6    Int:  8 (11) God:    the Shining One [*.....]
Gold:   365        SH:  9    Dex:  8 (11) Spells: 8/8 levels left

rFire    . . .     SeeInvis +   a - +0 long sword
rCold    . . .     Faith    .   c - +0 kite shield
rNeg     . . .     Spirit   .   b - +0 scale mail
rPois    .         Reflect  .   e - +2 helmet
rElec    .         Harm     .   g - +0 cloak
rCorr    .         Rampage  .   (no gloves)
Will     .....                  (no barding)
Stlth    ..........             (no amulet)
HPRegen  0.22/turn              (no ring)
MPRegen  0.11/turn              (no ring)

@: brilliant, glowing, curled up
A: large, rugged brown scales 3, see invisible, deformed body, roll 1, armoured
tail, reflexive curl
a: Rolling Charge, Renounce Religion


You were on level 7 of the Dungeon.
You worshipped the Shining One.
The Shining One was aware of your devotion.
You visited 2 branches of the dungeon, and saw 8 of its levels.

You collected 365 gold pieces.

Inventory:

Hand Weapons
 a - a +0 long sword (weapon)
Missiles
 l - 14 boomerangs (quivered)
 t - 2 datura-tipped darts
Armour
 b - a +0 scale mail (worn)
 c - a +0 kite shield (worn)
 e - a +2 helmet (worn)
 g - a +0 cloak (worn)
Jewellery
 q - a ring of willpower
 u - an amulet of the acrobat
 G - a ring of see invisible
Wands
 A - a wand of charming (10)
 D - a wand of paralysis (7)
 F - a wand of polymorph (8)
Scrolls
 h - a scroll of fear {unknown}
 i - 2 scrolls of enchant armour {unknown}
 o - 2 scrolls of blinking {unknown}
 s - a scroll of immolation {unknown}
 x - a scroll of teleportation {unknown}
 y - 4 scrolls of identify {unknown}
 B - a scroll of fog {unknown}
 C - a scroll of vulnerability {unknown}
Potions
 d - a potion of brilliance
 f - 2 potions of lignification {unknown}
 j - a potion of magic {unknown}
 k - 2 potions of attraction {unknown}
 m - 2 potions of cancellation
 n - a potion of flight {unknown}
 p - 2 potions of degeneration
 r - 2 potions of curing
 v - a potion of resistance {unknown}
 w - 2 potions of heal wounds {unknown}
 z - a potion of haste {unknown}


   Skills:
 + Level 7.0 Fighting
 + Level 6.4 Long Blades
 + Level 5.7 Armour
 + Level 5.7 Shields


You had 8 spell levels left.
You didn't know any spells.
Your spell library contained the following spells:

 Spells                   Type           Power      Damage    Failure   Level
 Summon Small Mammal      Summ           0%         N/A       95%         1
 Call Imp                 Summ           0%         N/A       98%         2
 Call Canine Familiar     Summ           0%         N/A       100%        3
 Summon Guardian Golem    Hex/Summ       0%         N/A       100%        3
 Summon Ice Beast         Ice/Summ       0%         N/A       100%        4
 Summon Lightning Spire   Summ/Air       0%         N/A       100%        4


Dungeon Overview and Level Annotations

Branches:
Dungeon (7/15)             Temple (1/1) D:4

Altars:
Ashenzari
Cheibriados
Dithmenos
Elyvilon
Fedhas
Gozag
Hepliaklqana
Kikubaaqudgha
Makhleb
Nemelex Xobeh
Okawaru
Qazlal
Ru
Sif Muna
Trog
Uskayaw
Vehumet
Wu Jian
Xom
Yredelemnul
Zin
The Shining One


Innate Abilities, Weirdness & Mutations

You are completely covered in rugged brown scales. (AC +3, +7% HP)
You have supernaturally acute eyesight. (SInv)
Armour fits poorly on your strangely shaped body.
You can roll at nearby foes to attack.
You have a long armoured tail.
You curl defensively after being hit.


Message History

You are poisoned.
The killer bee poisons you!
The killer bee stings you but does no damage.
You block the killer bee's attack. The gnoll hits you but does no damage.
You slash the killer bee!
You kill the killer bee!
You feel very sick. The killer bee stings you.
* * * LOW HITPOINT WARNING * * *
The killer bee closely misses you. You block the gnoll's attack.
Unknown command.
You feel sick. The killer bee stings you!
* * * LOW HITPOINT WARNING * * *
You are lethally poisoned!
The killer bee poisons you!
You feel better.
The killer bee stings you but does no damage. x2
The gnoll hits you with a +0 club.
* * * LOW HITPOINT WARNING * * *
It was a potion of degeneration.
There was something very wrong with that liquid.
You feel weakened.
You feel dopey.
You feel clumsy. The killer bee stings you.
* * * LOW HITPOINT WARNING * * *
The killer bee stings you but does no damage.
The iguana closely misses you. The gnoll hits you but does no damage.
It was a potion of cancellation.
Your magical effects are unravelling.
You feel magically purged.
You feel a little less mighty now.
The killer bee stings you but does no damage.
You block the killer bee's attack. The iguana bites you!
* * * LOW HITPOINT WARNING * * *
The gnoll closely misses you.
It was a potion of brilliance.
You feel clever all of a sudden. You block the killer bee's attack. x2
The iguana hisses menacingly.
You block the iguana's attack. The gnoll hits you with a +0 club.
You die...

#...).)....###.###...#..
#.##...........# #......
#......)....# #..#...
#.....#.†).## #......
...l..#####.### .......#
....#.. #....####(..#...#
....##. ##†...##..##...##
....##.###lZ....#.. #.....
.........@yo.......#......
........g.........#..#..
...#................###.
...#...........##...#...
........................
###........##...........
..## ##.......####.##...>...
....#
#..........##..........
...#...##..................#


You could see an iguana, a killer bee, a gnoll, an orc and a centaur zombie.

Vanquished Creatures
  Pikel (D:6)
  2 water moccasins
  2 black bears
  A sky beast (D:5)
  A necrophage (D:6)
  A centaur (D:6)
  A phantom (D:4)
  2 ogres (D:5)
  2 lemures (D:6)
  Blork the orc (D:5)
  2 bullfrogs
  A scorpion (D:6)
  5 killer bees (D:7)
  A bullfrog zombie (D:7)
  2 jellies
  A hound (D:4)
  An orc priest (D:7)
  A bullfrog skeleton (D:7)
  2 centaur skeletons (D:6)
  Jessica (D:3)
  2 iguanas
  An orc wizard (D:7)
  A killer bee zombie (D:6)
  A howler monkey skeleton (D:5)
  3 gnolls (D:7)
  7 adders
  3 white imps
  An adder skeleton (D:4)
  5 dart slugs
  15 orcs
  2 bats
  2 endoplasms (D:3)
  3 giant cockroaches
  4 goblins
  5 hobgoblins
  12 jackals
  4 quokkas
  A ball python (D:4)
  4 frilled lizards
  7 kobolds
  8 rats
122 creatures vanquished.

Notes
Turn   | Place    | Note
-------+----------+-------------------------------------------
     0 | D:1      | Lemonice the Palentonga Fighter began the quest for the
                  | Orb.
     0 | D:1      | Reached XP level 1. HP: 19/19 MP: 1/1
   180 | D:1      | Reached XP level 2. HP: 25/25 MP: 2/2
   785 | D:2      | Reached XP level 3. HP: 31/31 MP: 3/3
  1010 | D:2      | Found a faded altar of an unknown god.
  1688 | D:3      | Reached XP level 4. HP: 8/39 MP: 4/4
  2178 | D:3      | Noticed Jessica
  2225 | D:3      | Killed Jessica
  2226 | D:3      | Reached skill level 4 in Fighting
  2226 | D:3      | Reached XP level 5. HP: 32/44 MP: 5/5
  2654 | D:4      | Noticed a black bear
  2664 | D:4      | Killed a black bear
  2665 | D:4      | Reached XP level 6. HP: 34/52 MP: 6/6
  3168 | D:4      | Found a staircase to the Ecumenical Temple.
  3191 | Temple   | Entered the Ecumenical Temple
  3313 | Temple   | Became a worshipper of the Shining One
  3922 | D:5      | Entered Level 5 of the Dungeon
  3931 | D:5      | Noticed a sky beast
  3935 | D:5      | Killed a sky beast
  3936 | D:5      | Gained mutation: You curl defensively after being hit.
                  | [Palentonga growth]
  3936 | D:5      | Reached XP level 7. HP: 58/58 MP: 7/7
  3982 | D:5      | Reached skill level 5 in Fighting
  4174 | D:5      | Identified the +1 leather armour of Vlad {rC+ rCorr Dex+3
                  | Slay-4}
  4339 | D:5      | Noticed Blork the orc
  4351 | D:5      | Killed Blork the orc
  4819 | D:6      | Reached XP level 8. HP: 62/67 MP: 8/8
  4824 | D:6      | Reached skill level 5 in Long Blades
  4991 | D:6      | Found a glowing silver altar of Zin.
  5286 | D:6      | Noticed Pikel
  5311 | D:6      | Killed Pikel
  5312 | D:6      | Reached skill level 6 in Fighting
  5312 | D:6      | Reached skill level 5 in Armour
  5312 | D:6      | Reached skill level 5 in Shields
  6026 | D:7      | Reached * piety under the Shining One
  6089 | D:7      | Reached XP level 9. HP: 75/75 MP: 9/9
  6559 | D:7      | Reached skill level 7 in Fighting
  6564 | D:7      | HP: 1/77 [iguana (11)]
  6565 | D:7      | Slain by a gnoll

Illustrated notes

Levels and vault maps discovered:
D:1:      minmay_arrival_doors, layout_loops_ring
D:2:      layout_basic, chequers_ecumenical_altar_island, dk_noncrumbling_4
D:3:      layout_basic, uniq_jessica
D:4:      layout_rooms, minmay_temple_entry_slanted
D:5:      layout_rooms, lightli_corner_chamber, uniq_blork_the_orc
D:6:      layout_loops_ring, zin_treasury, uniq_pikel
D:7:      layout_cave_pools, hangedman_abyss_or_decor_stabs,
          grunt_decor_arrowhead, grunt_ministairs_6
Temple:   minmay_crystal_snake_temple

Skill      XL: |  1  2  3  4  5  6  7  8  9 |
---------------+----------------------------+-----
Shields        | 3 4 5 |  5.7
Armour         | 3 4 5 |  5.7
Fighting       | 4 5 6 7 |  7.0
Long Blades    | 3 4 6 |  6.4

Action                   |  1- 3 |  4- 6 |  7- 9 || total
-------------------------+-------+-------+-------++-------
Melee: Long sword        |   136 |   135 |   191 ||   462
       Tailslap          |    14 |    14 |    27 ||    55
 Abil: Rolling Charge    |    26 |    20 |    21 ||    67
  Use: Potion            |     1 |       |     7 ||     8
Armor: Scale mail        |    88 |    83 |   133 ||   304
Dodge: Dodged            |    38 |    39 |    77 ||   154
Block: Kite shield       |    67 |    45 |    96 ||   208
       Rpst.: Long sword |    16 |    10 |    18 ||    44

Table legend: (Time is in decaauts)
 A = Elapsed time spent in this place.
 B = Non-inter-level travel time spent in this place.
 C = Inter-level travel time spent in this place.
 D = Time resting spent in this place.
 E = Time spent auto-exploring this place.
 F = Levels seen in this place.
 G = Mean time per level.
                   A        B        C        D        E       F      G
               +--------+--------+--------+--------+--------+-----+--------+
         Total |   6758 |   6608 |    150 |   1715 |   3691 |   8 |  844.8 |
       Dungeon |   6562 |   6412 |    150 |   1715 |   3536 |   7 |  937.4 |
        Temple |    195 |    195 |      0 |      0 |    155 |   1 |  195.0 |
               +--------+--------+--------+--------+--------+-----+--------+

Top non-repeatable levels by time:
     D:6: 1598 daAuts
     D:3: 1351 daAuts
     D:4: 872 daAuts
     D:2: 831 daAuts
     D:1: 809 daAuts
     D:5: 757 daAuts
     D:7: 341 daAuts
  Temple: 195 daAuts
